 Dungeon Crawl Stone Soup version 0.30-a0-1104-g706747fef1 (webtiles) character file.

Game seed: 1387261332459625415

1059 Ijustatesigmund the Thaumaturge (level 8, -2/51 HPs)
             Began as a Deep Elf Conjurer on Apr 19, 2023.
             Succumbed to Edmund's poison
             ... on level 4 of the Dungeon.
             The game lasted 00:11:15 (5094 turns).

Ijustatesigmund the Thaumaturge (Deep Elf Conjurer) Turns: 5094, Time: 00:11:15

Health: -2/51      AC:  4    Str:  4    XL:     8   Next: 6%
Magic:  25/25      EV: 15    Int: 28    God:
Gold:   173        SH:  4    Dex: 13    Spells: 22/29 levels left

rFire   + . .      SeeInvis .    o - +5 trident of the Vendetta {flame, rF+ rCorr Int+2}
rCold   + . .      Faith    .    l - +0 buckler
rNeg    . . .      Spirit   .    a - +0 robe
rPois   .          Reflect  .    g - +1 helmet
rElec   .          Rampage  .    (no cloak)
rCorr   +                        (no gloves)
Will    .....                    (no boots)
Stlth   ++                       (no amulet)
HPRegen 0.28/turn                (no ring)
MPRegen 0.19/turn                (no ring)

@: lethally poisoned (-2 -> -25), about to teleport
A: cold resistance 1
a: no special abilities


You were on level 4 of the Dungeon.
You visited 1 branch of the dungeon, and saw 4 of its levels.
You also visited: Sewer.

You collected 173 gold pieces.

Inventory:

Hand Weapons
 i - a +0 sling of flaming
 k - a +1 sling
 o - the +5 trident of the Vendetta (weapon) {flame, rF+ rCorr Int+2}
   (You found it on level 3 of the Dungeon)

   Int:       It affects your intelligence (+2).
   rF:        It protects you from fire.
   rCorr:     It protects you from acid and corrosion.
Armour
 a - a +0 robe (worn)
 g - a +1 helmet (worn)
 l - a +0 buckler (worn)
Magical Staves
 d - a staff of cold
Scrolls
 h - a scroll of identify
Potions
 b - 2 potions of magic
 c - a potion of flight


   Skills:
 - Level 5.9 Fighting
 - Level 2.0 Ranged Weapons
 - Level 9.1 Dodging
 - Level 2.4 Stealth
 - Level 2.0 Shields
 - Level 11.1 Spellcasting
 - Level 5.5 Conjurations
 + Level 4.9 Translocations


You had 22 spell levels left.
You knew the following spells:

 Your Spells              Type           Power      Damage    Failure   Level
a - Magic Dart            Conj           100%       1d8       1%          1
b - Searing Ray           Conj           92%        2d7       1%          2
c - Iskenderun's Mystic   Conj/Tloc      44%        2d10      5%          4

Your spell library contained the following spells:

 Spells                   Type           Power      Damage    Failure   Level
 Kiss of Death            Conj/Necr      100%       2d13      1%          1
 Gell's Gravitas          Tloc           43%        N/A       1%          3
 Teleport Other           Tloc           43%        N/A       1%          3
 Dazzling Flash           Conj/Hex       62%        N/A       4%          3
 Confusing Touch          Hex            15%        N/A       14%         3
 Fulminant Prism          Conj/Hex       15%        3d11      16%         4
 Dispel Undead            Necr           15%        3d10      43%         4
 Dispersal                Tloc           21%        N/A       67%         6


Dungeon Overview and Level Annotations

Branches:
Dungeon (4/15)              Sewer (visited)
 Temple: D:4-7

Altars:
Hepliaklqana
Makhleb
Uskayaw
Xom
Zin

Annotations:
D:4 Edmund


Innate Abilities, Weirdness & Mutations

Your flesh is cold resistant. (rC+)


Message History

You hit the bush but do no damage.
The bush is moderately damaged.
Something hits the bush but does no damage.
You hit the bush but do no damage.
The bush is moderately damaged.
Something hits the bush but does no damage.
You completely miss the bush.
The bush is moderately damaged.
Edmund says, "I might not be good at magic, but I can still kill you!"
You puncture the bush! You burn the bush.
The bush is heavily damaged.
Edmund is no longer moving quickly.
You hit the bush but do no damage.
The bush is heavily damaged.
You feel yourself slow down. You block Edmund's attack.
You hit the bush but do no damage.
The bush is heavily damaged.
Edmund hits you with a +2 dire flail of venom.
You hit the bush but do no damage.
The bush is heavily damaged.
Edmund hits you with a +2 dire flail of venom!
* * * LOW HITPOINT WARNING * * *
You are lethally poisoned!
Something hits the bush but does no damage.
Edmund closely misses you.
You feel much better.
You feel very sick.
Edmund hits you with a +2 dire flail of venom.
* * * LOW HITPOINT WARNING * * *
You are more poisoned.
As you read the scroll of teleportation, it crumbles to dust.
You feel strangely unstable.
* * * LOW HITPOINT WARNING * * *
You feel extremely sick.
Something hits the bush but does no damage.
Edmund hits you with a +2 dire flail of venom.
* * * LOW HITPOINT WARNING * * *
Magic courses through your body.
You die... ################ #..............# P.PPPPPPPPPPP# P.P.........P# P.PPP.PPP.P.P##### P.))P...P.P@P....# P.PPP.PPPPP@P###.# # ### P .........P# ># #. #.# PPPPP.PPP.P###.#

#. #.#
.o.P...P...##.#####.###..
PP.PPP.P.P............#.#
......P.P##..[.........#
PPPPPPPP#...####..#.#.#
##.#.....###..#.#..


You could see Edmund.

Vanquished Creatures
  5 kobold brigands (Sewer)
  Blork the orc (D:4)
  An orc priest (D:4)
  2 adders
  5 worms
  A dart slug (D:1)
  2 orcs
  12 ball pythons
  14 endoplasms
  4 giant cockroaches
  7 goblins
  4 hobgoblins
  5 jackals
  8 kobolds
  4 quokkas
  4 bats
  2 frilled lizards (D:1)
  7 rats
88 creatures vanquished.

Vanquished Creatures (others)
  A bush (D:4)
1 creature vanquished.

Grand Total: 89 creatures vanquished

Notes
Turn   | Place    | Note
-------+----------+-------------------------------------------
     0 | D:1      | Ijustatesigmund the Deep Elf Conjurer began the quest for
                  | the Orb.
     0 | D:1      | Reached XP level 1. HP: 10/10 MP: 6/6
   298 | D:1      | Reached XP level 2. HP: 15/15 MP: 3/8
   301 | D:1      | Learned a level 2 spell: Searing Ray
   745 | D:1      | Reached skill level 4 in Spellcasting
   910 | D:1      | Gained mutation: Your flesh is cold resistant. (rC+)
                  | [potion of mutation]
  1147 | D:2      | Reached skill level 5 in Conjurations
  1147 | D:2      | Reached XP level 3. HP: 19/19 MP: 7/10
  2198 | D:3      | Found a glowing drain.
  2205 | D:3      | Reached XP level 4. HP: 24/24 MP: 5/12
  2213 | Sewer    | Entered a sewer
  2397 | Sewer    | Noticed a kobold brigand
  2410 | Sewer    | Killed a kobold brigand
  2411 | Sewer    | Reached skill level 1 in Ranged Weapons
  2411 | Sewer    | Reached skill level 1 in Shields
  2411 | Sewer    | Reached XP level 5. HP: 23/28 MP: 4/14
  2419 | Sewer    | Learned a level 4 spell: Iskenderun's Mystic Blast
  2572 | Sewer    | Reached skill level 5 in Spellcasting
  2612 | Sewer    | Reached skill level 1 in Translocations
  2843 | Sewer    | Reached XP level 6. HP: 32/32 MP: 6/16
  4107 | D:3      | Identified the +5 trident of the Vendetta {flame, rF+ rCorr
                  | Int+2}
  4406 | D:3      | Found a hazy altar of Hepliaklqana.
  4657 | D:3      | Found a burning altar of Makhleb.
  4660 | D:3      | Found a glowing silver altar of Zin.
  4663 | D:3      | Found a shimmering altar of Xom.
  4692 | D:3      | Found a hide-covered altar of Uskayaw.
  4822 | D:4      | Noticed Blork the orc
  4832 | D:4      | Killed Blork the orc
  4833 | D:4      | Reached XP level 7. HP: 28/36 MP: 8/17
  4901 | D:4      | Reached skill level 5 in Fighting
  4901 | D:4      | Reached skill level 11 in Spellcasting
  4901 | D:4      | Reached XP level 8. HP: 51/51 MP: 18/25
  5040 | D:4      | Noticed Edmund
  5091 | D:4      | HP: 1/51 [Edmund/+2 dire flail of venom (15)]
  5094 | D:4      | Succumbed to Edmund's poison

Illustrated notes

Levels and vault maps discovered:
D:1:      lightli_arrival_statue_moat, layout_loops_ring
D:2:      layout_basic
D:3:      layout_basic, nicolae_overflow_hidden_temple, portal_sewer_entry_a
D:4:      layout_loops_ring, yredelemnul_forgotten_temple_becter,
          minmay_temple_entry_enclosed_plants, ebering_ghost_reflecting_pool,
          minmay_hedge_maze, sigmund_army, uniq_ijyb, uniq_blork_the_orc,
          uniq_edmund

Skill      XL: |  1  2  3  4  5  6  7 |
---------------+----------------------+-----
Spellcasting   | 4 5 11 | 11.1
Conjurations   | 5 |  5.5
Ranged Weapons | 1 2 |  2.0
Shields        | 1 2 |  2.0
Translocations | 2 4 |  4.9
Fighting       | 5 |  5.9
Dodging        | 9 |  9.1
Stealth        | |  2.4

Action                     |  1- 3 |  4- 6 |  7- 9 || total
---------------------------+-------+-------+-------++-------
  Melee: Trident           |       |       |    39 ||    39
   Fire: Sling             |    12 |    30 |       ||    42
   Cast: Magic Dart        |    70 |    32 |     1 ||   103
         Searing Ray       |     5 |    19 |       ||    24
         Iskenderun's Myst |       |     1 |     2 ||     3
    Use: Scroll            |     7 |     5 |     3 ||    15
         Potion            |     2 |     2 |     4 ||     8
 Armour: Robe              |    10 |     2 |     1 ||    13
  Dodge: Dodged            |    23 |    22 |     2 ||    47
  Block: Buckler           |     2 |     4 |     3 ||     9

Table legend: (Time is in decaauts)
 A = Elapsed time spent in this place.
 B = Non-inter-level travel time spent in this place.
 C = Inter-level travel time spent in this place.
 D = Time resting spent in this place.
 E = Time spent auto-exploring this place.
 F = Levels seen in this place.
 G = Mean time per level.
                   A        B        C        D        E       F      G
               +--------+--------+--------+--------+--------+-----+--------+
         Total |   5260 |   5147 |    113 |    988 |   3578 |   5 | 1052.0 |
       Dungeon |   3429 |   3316 |    113 |    161 |   2776 |   4 |  857.2 |
         Sewer |   1830 |   1830 |      0 |    827 |    801 |   1 | 1830.0 |
               +--------+--------+--------+--------+--------+-----+--------+

Top non-repeatable levels by time:
   Sewer: 1830 daAuts
     D:3: 1063 daAuts
     D:1: 1023 daAuts
     D:2: 994 daAuts
     D:4: 348 daAuts
